 Dungeon Crawl Stone Soup version 0.17-a0-2109-g117576f (webtiles) character file.

44 radek the Cudgeler (level 3, -7/36 HPs)
             Began as a Troll Berserker on Oct 19, 2015.
             Was a Believer of Trog.
             Killed from afar by Ijyb (10 damage)
             ... with a wand of magic darts
             ... on level 2 of the Dungeon.
             The game lasted 00:04:02 (1447 turns).

radek the Cudgeler (Troll Berserker)                Turns: 1447, Time: 00:04:03

Health: -7/36      AC:  5    Str: 26    XL:     3   Next: 39%
Magic:  2/2        EV: 10    Int:  3    God:    Trog [**....]
Gold:   102        SH:  0    Dex:  9    Spells: 0 memorised, 2 levels left

rFire  . . .     SeeInvis .     a - +0 mace
rCold  . . .     Clarity  .     h - +0 robe
rNeg   . . .     SustAt   .     (no shield)
rPois  .         Gourm    +     (helmet restricted)
rElec  .         Spirit   .     (no cloak)
rCorr  .         Warding  .     (gloves unavailable)
rMut   .         Stasis   .     (boots unavailable)
MR     .....                    (no amulet)
Stlth  +.........               (no ring)
                                (no ring)

@: not resistant to hostile enchantments, very unstealthy
A: unfitting armour, claws 3, fast metabolism 3, gourmand, regeneration 2,
shaggy fur 1, tough skin 2
a: Berserk, Trog's Hand, Burn Spellbooks, Renounce Religion


You were on level 2 of the Dungeon.
You worshipped Trog.
Trog was pleased with you.
You were not hungry.

You visited 1 branch of the dungeon, and saw 2 of its levels.

You collected 102 gold pieces.

Inventory:

Hand Weapons
 a - a +0 mace (weapon)
Armour
 b - a +0 animal skin
 h - a +0 robe (worn)
Scrolls
 c - a scroll of teleportation {unknown}
 d - a scroll of recharging {unknown}
 f - 3 scrolls of remove curse {unknown}
 g - a scroll of identify {unknown}
 i - a scroll of noise {unknown}
Potions
 e - a potion of cancellation {unknown}
 k - 2 potions of flight {unknown}
Comestibles
 j - 3 chunks of flesh


   Skills:
 + Level 2.8 Fighting
 + Level 3.1 Maces & Flails
 + Level 2.9 Dodging
 + Level 0.1 Stealth


You had 2 spell levels left.
You didn't know any spells.

Dungeon Overview and Level Annotations

Branches:
Dungeon (2/15)

Altars:

Annotations:
D:2 Ijyb


Innate Abilities, Weirdness & Mutations

You are too large for most types of armour.
You have claws for hands.
Your metabolism is lightning-fast.
You like to eat raw meat.
You heal very quickly.
You are covered in fur (AC +1).
You have very tough skin (AC +2).


Message History

Found a coppery potion.
Ijyb screams, "Die!"
Ijyb zaps a wand.
The magic dart hits you!
Found a club.
Found a stone staircase leading down.
You closely miss Ijyb.
Ijyb zaps a wand.
The magic dart hits you!
You hit Ijyb.
Ijyb is lightly wounded.
Ijyb zaps a wand.
The magic dart hits you!
Ijyb screams, "Level is mine!
All mine!"
Ijyb hits you with a vampiric dagger. Ijyb draws strength from your injuries!
You hit Ijyb but do no damage.
Ijyb zaps a wand.
The magic dart hits you!
* * * LOW HITPOINT WARNING * * *
You hit Ijyb.
Ijyb is lightly wounded.
Ijyb zaps a wand.
The magic dart hits you!
* * * LOW HITPOINT WARNING * * *
You hit Ijyb.
Ijyb is moderately wounded.
Ijyb zaps a wand.
The magic dart hits you!
You die...

).# ##.....
.####........
..#...#...#..
.....##..#...
...#.......####
##............###.##
......#.#.###......#####
...#..........####......
##....(.##......@g.#
###.....(##.#####.....)
##.###..#..## #!..> ###
##.)...# ... #####.# #
##


You could see Ijyb.

Vanquished Creatures
  An adder (D:2)
  3 giant geckos (D:1)
  A ball python (D:1)
  2 hobgoblins
  8 kobolds
  3 bats (D:1)
  3 giant cockroaches
  5 giant newts (D:1)
  3 goblins (D:1)
  2 rats (D:1)
31 creatures vanquished.

Notes
Turn   | Place    | Note
--------------------------------------------------------------
     0 | D:1      | radek the Troll Berserker began the quest for the Orb.
     0 | D:1      | Reached XP level 1. HP: 22/22 MP: 0/0
   248 | D:1      | Reached XP level 2. HP: 10/29 MP: 1/1
   492 | D:1      | Reached skill level 3 in Maces & Flails
   591 | D:1      | Reached ** piety under Trog
  1218 | D:2      | Reached XP level 3. HP: 36/36 MP: 2/2
  1438 | D:2      | Noticed Ijyb
  1447 | D:2      | Killed from afar by Ijyb

Vault maps used:
D:1:      kilobyte_arrival_exit_the_forest
D:2:      ecumenical_altar_2, uniq_iyjb, uniq_robin

Action                   || total
-------------------------++-------
Melee: Mace              ||   100
  Eat: Chunk             ||     5
       Bread ration      ||     2
